BSA
PLYMOUTH ROCKS @ NEW ORLEANS LOOTERS
03/01/2028
 
TOP OF THE 1ST
Plymouth Rocks batting - Pitching for New Orleans Looters : RHP Chris Martin
Pitching: RHP Chris Martin
Batting: LHB Roberto García 0-0: Foul Ball, location: 2F
0-1: Swinging Strike
0-2: Ball
1-2: Ball
2-2: Foul Ball, location: 2F
2-2: Foul Ball, location: 2F
2-2: Foul Ball, location: 2F
2-2: Ball
3-2: SINGLE (Flyball, 4MD)
Batting: LHB Roy Patrick 0-0: Called Strike
0-1: Called Strike
0-2: Ball
1-2: Strikes out looking
Batting: RHB Andrés Lara 0-0: Ball
1-0: Ball
2-0: Called Strike
2-1: Foul Ball, location: 2F
2-2: Grounds into double play, 1-6-3 (Groundball, 13)
Top of the 1st over - 0 run(s), 1 hit(s), 0 error(s), 0 left on base; Plymouth 0 - New Orleans 0
BOTTOM OF THE 1ST
New Orleans Looters batting - Pitching for Plymouth Rocks : RHP José López
Pitching: RHP José López
Batting: SHB Arturo Sánchez 0-0: Called Strike
0-1: Swinging Strike
0-2: Ball
1-2: Strikes out swinging
Batting: RHB Rubén Vázquez 0-0: Ball
1-0: Called Strike
1-1: Swinging Strike
1-2: Ball
2-2: Ball
3-2: Base on Balls
Batting: LHB Seung-chun Mun 0-0: Ball
1-0: Ball
2-0: Called Strike
2-1: Ball
3-1: SINGLE (Flyball, 6MD)
Rubén Vázquez to second
Batting: SHB Oliver Deleón 0-0: Ball
1-0: Ball
2-0: Called Strike
2-1: Grounds into double play, 5-4-3 (Groundball, 5)
Bottom of the 1st over - 0 run(s), 1 hit(s), 0 error(s), 1 left on base; Plymouth 0 - New Orleans 0
TOP OF THE 2ND
Plymouth Rocks batting - Pitching for New Orleans Looters : RHP Chris Martin
Batting: LHB Barrett Waters 0-0: Ball
1-0: Called Strike
1-1: Ball
2-1: Ground out U3 (Groundball, 34D)
Batting: LHB Roger Moore 0-0: Ball
1-0: Fly out, F8 (Flyball, 78D)
Batting: RHB Taylor McFarland 0-0: Swinging Strike
0-1: Ball
1-1: Foul Ball, location: 2F
1-2: Ball
2-2: Strikes out swinging
Top of the 2nd over - 0 run(s), 0 hit(s), 0 error(s), 0 left on base; Plymouth 0 - New Orleans 0
BOTTOM OF THE 2ND
New Orleans Looters batting - Pitching for Plymouth Rocks : RHP José López
Batting: RHB Stephen Shaw 0-0: Ball
1-0: Fly out, F8 (Line Drive, 78M)
Batting: SHB Nate Rhodes 0-0: Called Strike
0-1: Foul Ball, location: 2F
0-2: Ball
1-2: Ball
2-2: Fly out, F5 (Popup, 5S)
Batting: RHB Dave O'Loan 0-0: Ball
1-0: Ball
2-0: Called Strike
2-1: Ball
3-1: Base on Balls
Batting: LHB Miguel Colón 0-0: Ball
1-0: Called Strike
1-1: Called Strike
1-2: Ball
2-2: Fielders Choice at 2nd, 4-6 (Groundball, 4)
Bottom of the 2nd over - 0 run(s), 0 hit(s), 0 error(s), 0 left on base; Plymouth 0 - New Orleans 0
TOP OF THE 3RD
Plymouth Rocks batting - Pitching for New Orleans Looters : RHP Chris Martin
Batting: SHB Víctor Serrano 0-0: Ball
1-0: Swinging Strike
1-1: SINGLE (Groundball, 4D)
Batting: RHB António Gonzáles 0-0: Ball
1-0: Ball
2-0: Called Strike
2-1: Fly out, F7 (Flyball, 7S)
Batting: RHB Luis Sánchez 0-0: Ball
1-0: Called Strike
1-1: Ball
2-1: Ball
3-1: Base on Balls
Víctor Serrano to second
Batting: LHB Roberto García 0-0: Called Strike
0-1: Ball
1-1: Ball
2-1: Foul Ball, location: 2F
2-2: Foul Ball, location: 2F
2-2: Grounds into double play, 4-6-3 (Groundball, 4)
Top of the 3rd over - 0 run(s), 1 hit(s), 0 error(s), 1 left on base; Plymouth 0 - New Orleans 0
BOTTOM OF THE 3RD
New Orleans Looters batting - Pitching for Plymouth Rocks : RHP José López
Batting: RHB Run-ming Zhu 0-0: Called Strike
0-1: Ball
1-1: Fly out, F7 (Flyball, 78M)
Batting: SHB Arturo Sánchez 0-0: Called Strike
0-1: Ball
1-1: Ball
2-1: Foul Ball, location: 2F
2-2: Strikes out swinging, 2-3 out at first.
Batting: RHB Rubén Vázquez 0-0: Called Strike
0-1: Ball
1-1: Fly out, F7 (Flyball, 78M)
Bottom of the 3rd over - 0 run(s), 0 hit(s), 0 error(s), 0 left on base; Plymouth 0 - New Orleans 0
TOP OF THE 4TH
Plymouth Rocks batting - Pitching for New Orleans Looters : RHP Chris Martin
Batting: LHB Roy Patrick 0-0: Called Strike
0-1: Foul Ball, location: 2F
0-2: Foul Ball, location: 2F
0-2: Ball
1-2: Ball
2-2: Ball
3-2: Foul Ball, location: 2F
3-2: SINGLE (Line Drive, 7LM)
Batting: RHB Andrés Lara 0-0: Ball
1-0: Swinging Strike
1-1: Called Strike
1-2: Ground out 5-3 (Groundball, 25)
Roy Patrick to second
Batting: LHB Barrett Waters 0-0: Ball
1-0: Called Strike
1-1: Ball
2-1: Foul Ball, location: 2F
2-2: Strikes out looking
Batting: LHB Roger Moore 0-0: Called Strike
0-1: Ball
1-1: Ball
2-1: Fly out, F8 (Flyball, 8RM)
Top of the 4th over - 0 run(s), 1 hit(s), 0 error(s), 1 left on base; Plymouth 0 - New Orleans 0
BOTTOM OF THE 4TH
New Orleans Looters batting - Pitching for Plymouth Rocks : RHP José López
Batting: LHB Seung-chun Mun 0-0: Called Strike
0-1: Ball
1-1: Foul Ball, location: 2F
1-2: Foul Ball, location: 2F
1-2: Foul Ball, location: 2F
1-2: SINGLE (Flyball, 8LS)
Batting: SHB Oliver Deleón 0-0: Foul Ball, location: 2F
0-1: Ground out 4-3 (Groundball, 4S)
Seung-chun Mun to second
Batting: RHB Stephen Shaw 0-0: Called Strike
0-1: Called Strike
0-2: Foul Ball, location: 2F
0-2: Ball
1-2: 2-RUN HOME RUN (Line Drive, 7D), Distance : 394 ft
Batting: SHB Nate Rhodes 0-0: Ball
1-0: Swinging Strike
1-1: SINGLE (Line Drive, 8LS)
Batting: RHB Dave O'Loan 0-0: Ball
Nate Rhodes is caught stealing 2nd base
1-0: Foul Ball, location: 2F
1-1: Ground out 5-3 (Groundball, 56)
Bottom of the 4th over - 2 run(s), 3 hit(s), 0 error(s), 0 left on base; Plymouth 0 - New Orleans 2
TOP OF THE 5TH
Plymouth Rocks batting - Pitching for New Orleans Looters : RHP Chris Martin
Pitching: RHP Jason MacKnight
Batting: RHB Taylor McFarland 0-0: Ball
1-0: Called Strike
1-1: Ball
2-1: SINGLE (Groundball, 34S) (infield hit)
Batting: SHB Víctor Serrano 0-0: Called Strike
0-1: Called Strike
Taylor McFarland steals 2nd base
0-2: DOUBLE (Line Drive, 8RXD)
Taylor McFarland scores
Batting: RHB António Gonzáles 0-0: Ball
1-0: Ground out 6-3 (Groundball, 6D)
Batting: RHB Luis Sánchez 0-0: Ball
1-0: Ball
2-0: Ball
3-0: Base on Balls
Batting: LHB Roberto García 0-0: Ball
1-0: Foul Ball, location: 2F
1-1: Foul Ball, location: 2F
1-2: Fly out, F7 (Flyball, 78M)
Batting: LHB Roy Patrick 0-0: Foul Ball, location: 2F
0-1: Fielders Choice at 2nd, 6-4 (Groundball, 6)
Top of the 5th over - 1 run(s), 2 hit(s), 0 error(s), 1 left on base; Plymouth 1 - New Orleans 2
BOTTOM OF THE 5TH
New Orleans Looters batting - Pitching for Plymouth Rocks : RHP José López
Pitching: LHP Enrico Lozano
Batting: LHB Miguel Colón 0-0: Ball
1-0: Called Strike
1-1: Called Strike
1-2: Ball
2-2: Strikes out swinging
Batting: RHB Run-ming Zhu 0-0: Ball
1-0: Foul Ball, location: 2F
1-1: Ball
2-1: Fly out, F8 (Flyball, 78XD)
Batting: SHB Arturo Sánchez 0-0: Foul Ball, location: 2F
0-1: Foul Ball, location: 2F
0-2: Foul Ball, location: 2F
0-2: Ball
1-2: SINGLE (Flyball, 89S)
Batting: RHB Rubén Vázquez 0-0: Ball
1-0: Called Strike
Arturo Sánchez steals 2nd base
1-1: Ball
2-1: Ball
3-1: Ground out 5-3 (Groundball, 56)
Bottom of the 5th over - 0 run(s), 1 hit(s), 0 error(s), 1 left on base; Plymouth 1 - New Orleans 2
TOP OF THE 6TH
Plymouth Rocks batting - Pitching for New Orleans Looters : RHP Jason MacKnight
Batting: RHB Andrés Lara 0-0: Called Strike
0-1: SINGLE (Line Drive, 89S)
Batting: LHB Barrett Waters 0-0: Ball
1-0: Ball
2-0: Fly out, F7 (Flyball, 7LMF)
Batting: LHB Roger Moore 0-0: Ball
1-0: SINGLE (Groundball, 34)
Andrés Lara to second
Runner from 2nd tries for 3rd, SAFE, no throw
Batting: RHB Taylor McFarland 0-0: Ball
1-0: Ball
2-0: SINGLE (Groundball, 34) (infield hit)
Andrés Lara scores
Roger Moore to second
Pitching: RHP Ienobu Sato
Batting: SHB Víctor Serrano 0-0: Called Strike
0-1: Foul Ball, location: 2F
0-2: Strikes out swinging
Batting: RHB António Gonzáles 0-0: Foul Ball, location: 2F
0-1: Swinging Strike
0-2: Foul Ball, location: 2F
0-2: Foul Ball, location: 2F
0-2: Foul Ball, location: 2F
0-2: Ball
1-2: Ball
2-2: Ball
3-2: Fly out, F8 (Flyball, 8RM)
Top of the 6th over - 1 run(s), 3 hit(s), 0 error(s), 2 left on base; Plymouth 2 - New Orleans 2
BOTTOM OF THE 6TH
New Orleans Looters batting - Pitching for Plymouth Rocks : LHP Enrico Lozano
Batting: LHB Seung-chun Mun 0-0: Ball
1-0: Ball
2-0: Ball
3-0: Base on Balls
Batting: SHB Oliver Deleón 0-0: Ball
1-0: Called Strike
1-1: Called Strike
1-2: Foul Ball, location: 2F
1-2: Foul Ball, location: 2F
1-2: Fly out, F8 (Flyball, 78S)
Batting: RHB Stephen Shaw 0-0: Called Strike
0-1: Grounds into double play, 6-4-3 (Groundball, 6)
Bottom of the 6th over - 0 run(s), 0 hit(s), 0 error(s), 0 left on base; Plymouth 2 - New Orleans 2
TOP OF THE 7TH
Plymouth Rocks batting - Pitching for New Orleans Looters : RHP Ienobu Sato
Batting: RHB Luis Sánchez 0-0: Ball
1-0: Foul Ball, location: 2F
1-1: Ball
2-1: Foul Ball, location: 2F
2-2: Fly out, F9 (Flyball, 9)
Pinch Hitting: LHB Sean Nicks 0-0: Ball
1-0: Swinging Strike
1-1: Fly out, F9 (Flyball, 89M)
Batting: RHB Jorge Jiménez 0-0: Swinging Strike
0-1: Ball
1-1: Foul Ball, location: 2F
1-2: Ball
2-2: Foul Ball, location: 2F
2-2: Strikes out looking
Top of the 7th over - 0 run(s), 0 hit(s), 0 error(s), 0 left on base; Plymouth 2 - New Orleans 2
BOTTOM OF THE 7TH
New Orleans Looters batting - Pitching for Plymouth Rocks : LHP Enrico Lozano
Now at 1B: Sean Nicks
Batting: SHB Nate Rhodes 0-0: Ball
1-0: Ball
2-0: Ball
3-0: Base on Balls
Batting: RHB Dave O'Loan 0-0: Ball
1-0: Bunted foul
1-1: Reached on error, E5 (Groundball, 5S)
Nate Rhodes to second
Pinch Hitting: RHB Diego Rivera 0-0: Fielders Choice at 2nd, 6-4 (Groundball, 6)
Nate Rhodes to third
Now at 2B: Gary Thomas
Batting: RHB Run-ming Zhu 0-0: Ball
1-0: Foul Ball, location: 2F
1-1: Ball
2-1: Foul Ball, location: 2F
2-2: Foul Ball, location: 2F
2-2: Foul Ball, location: 2F
2-2: Strikes out swinging
Pinch Hitting: RHB Tim Gardner 0-0: Fly out, F8 (Flyball, 89D)
Bottom of the 7th over - 0 run(s), 0 hit(s), 1 error(s), 2 left on base; Plymouth 2 - New Orleans 2
TOP OF THE 8TH
Plymouth Rocks batting - Pitching for New Orleans Looters : RHP Ienobu Sato
Now at 3B: Tim Gardner
Now in CF: Diego Rivera
Pinch Hitting: RHB Wilbert Rodgers 0-0: Called Strike
0-1: Ball
1-1: Ball
2-1: Foul Ball, location: 2F
2-2: Foul Ball, location: 2F
2-2: Strikes out looking
Pinch Hitting: LHB Luis Villa 0-0: Ground out 6-3 (Groundball, 6)
Pinch Hitting: LHB Dave Gray 0-0: Ball
1-0: SINGLE (Line Drive, 9S)
Pinch Runner at 1st Javier Rentería:
Pinch Hitting: RHB Hollis Wood 0-0: Ball
Javier Rentería steals 2nd base
1-0: SINGLE (Groundball, 56D)
Javier Rentería to third
Runner from 3rd tries for Home, SAFE, no throw
Pitching: RHP Roy March
Batting: SHB Víctor Serrano 0-0: Fly out, F8 (Flyball, 89XD)
Top of the 8th over - 1 run(s), 2 hit(s), 0 error(s), 1 left on base; Plymouth 3 - New Orleans 2
BOTTOM OF THE 8TH
New Orleans Looters batting - Pitching for Plymouth Rocks : LHP Enrico Lozano
Pitching: RHP Bartolo García
Now at SS: Javier Rentería
Now in LF: Luis Villa
Now in CF: Jeff Bane
Now in RF: Wilbert Rodgers
Batting: LHB Taylor Smith 0-0: Called Strike
0-1: Ground out 4-3 (Groundball, 4)
Pinch Hitting: LHB Francisco Vega 0-0: Ball
1-0: Foul Ball, location: 2F
1-1: Called Strike
1-2: Ball
2-2: Ball
3-2: Foul Ball, location: 2F
3-2: Fly out, F8 (Line Drive, 8LS)
Pinch Hitting: LHB Eduardo Rodríguez 0-0: Ball
1-0: Foul Ball, location: 2F
1-1: Swinging Strike
1-2: Strikes out swinging
Bottom of the 8th over - 0 run(s), 0 hit(s), 0 error(s), 0 left on base; Plymouth 3 - New Orleans 2
TOP OF THE 9TH
Plymouth Rocks batting - Pitching for New Orleans Looters : RHP Roy March
Now in LF: Eduardo Rodríguez
Now in RF: Francisco Vega
Batting: RHB António Gonzáles 0-0: Swinging Strike
0-1: Ball
1-1: Ball
2-1: Foul Ball, location: 2F
2-2: Ground out 6-3 (Groundball, 6)
Batting: RHB Gary Thomas 0-0: Called Strike
0-1: Ball
1-1: Foul Ball, location: 2F
1-2: Ball
2-2: Ground out 4-3 (Groundball, 4)
Batting: LHB Sean Nicks 0-0: Ball
1-0: Ball
2-0: Called Strike
2-1: Called Strike
2-2: Foul Ball, location: 2F
2-2: Strikes out swinging
Top of the 9th over - 0 run(s), 0 hit(s), 0 error(s), 0 left on base; Plymouth 3 - New Orleans 2
BOTTOM OF THE 9TH
New Orleans Looters batting - Pitching for Plymouth Rocks : RHP Bartolo García
Pinch Hitting: LHB John Hudson 0-0: Ball
1-0: Ground out 4-3 (Groundball, 4)
Pinch Hitting: RHB Albert Lutz 0-0: Ball
1-0: Ball
2-0: Ground out 5-3 (Groundball, 56S)
Pinch Hitting: SHB Derek Roach 0-0: Foul Ball, location: 2F
0-1: DOUBLE (Line Drive, 78D)
Batting: RHB Diego Rivera 0-0: Fly out, F9 (Flyball, 9LMF)
Bottom of the 9th over - 0 run(s), 1 hit(s), 0 error(s), 1 left on base; Plymouth 3 - New Orleans 2
Tuesday, August 8th, 2017 - OOTP Baseball 17.12 Build 75